 Dungeon Crawl Stone Soup version 0.22-a0-247-gbddf880 (webtiles) character file.

4 Amnesiac the Charlatan (level 1, 0/11 HPs)
             Began as a Deep Elf Artificer on Feb 25, 2018.
             Slain by a kobold
             ... wielding a +0 club
              (3 damage)
             ... on level 1 of the Dungeon.
             The game lasted 00:00:20 (253 turns).

Amnesiac the Charlatan (Deep Elf Artificer)          Turns: 253, Time: 00:00:21

Health: 0/11       AC:  3    Str:  9    XL:     1   Next: 50%
Magic:  5/5        EV: 12    Int: 15    God:
Gold:   0          SH:  0    Dex: 15    Spells: 0/0 levels left

rFire    . . .     SeeInvis .   a - +0 short sword
rCold    . . .     Gourm    .   (no shield)
rNeg     . . .     Faith    .   b - +0 leather armour
rPois    .         Spirit   .   (no helmet)
rElec    .         Reflect  .   (no cloak)
rCorr    .         Harm     .   (no gloves)
MR       .....                  (no boots)
Stlth    ++........             (no amulet)
HPRegen  0.03/turn              (no ring)
MPRegen  0.09/turn              (no ring)

@: no status effects
A: no striking features
a: no special abilities


You were on level 1 of the Dungeon.
You were not hungry.

You visited 1 branch of the dungeon, and saw 1 of its levels.

Inventory:

Hand Weapons
 a - a +0 short sword (weapon)
Armour
 b - a +0 leather armour (worn)
Wands
 c - a wand of flame (15)
 d - a wand of enslavement (15)
 e - a wand of random effects (15)
Scrolls
 g - a scroll of amnesia {!r, unknown}
Comestibles
 f - a ration
 h - a chunk of flesh


   Skills:
 - Level 0.7 Fighting
 - Level 1.0 Short Blades
 - Level 2.4 Dodging
 - Level 1.2 Stealth
 + Level 3.6 Evocations


You couldn't memorise any spells.
You didn't know any spells.

Dungeon Overview and Level Annotations

Branches:
Dungeon (1/15)

Altars:


Message History

The kobold closely misses you.
You barely miss the kobold. The kobold closely misses you.
You hit the kobold.
The kobold is moderately wounded.
The kobold hits you but does no damage.
You barely miss the kobold.
The kobold is moderately wounded.
The kobold misses you.
You hit the kobold.
You kill the kobold!
Things that are here:
a short sword; a kobold corpse No target in view!
You start resting.
HP restored.
Found a rat skeleton. 2 kobolds come into view.
The kobold shouts!
You hear a shout!
The kobold moves out of view.
You hear an angry hiss.
Found a leopard gecko skeleton.
A kobold comes into view.
There are monsters nearby!
You start resting.
You barely miss the kobold.
The kobold throws a stone.
The stone closely misses you.
You closely miss the kobold. The kobold hits you with a club.
* * * LOW HITPOINT WARNING * * *
The kobold throws a stone.
The stone hits you but does no damage.
You hit the kobold.
The kobold is severely wounded.
The kobold throws a stone.
The stone closely misses you. The kobold misses you.
You hit the kobold but do no damage.
The kobold is severely wounded.
The kobold closely misses you.
You hit the kobold.
The kobold is moderately wounded.
The kobold barely misses you.
You hit the kobold but do no damage.
The kobold is moderately wounded.
The kobold barely misses you.
You closely miss the kobold.
The kobold is moderately wounded.
The kobold hits you.
* * * LOW HITPOINT WARNING * * *
You closely miss the kobold.
The kobold is moderately wounded.
The kobold closely misses you.
You closely miss the kobold.
The kobold is moderately wounded.
The kobold misses you.
You hit the kobold.
You kill the kobold!
You hit the kobold but do no damage.
The kobold is severely wounded.
The kobold hits you with a club.
* * * LOW HITPOINT WARNING * * *
You closely miss the kobold.
The kobold is severely wounded.
The kobold barely misses you.
You closely miss the kobold.
The kobold is severely wounded.
The kobold hits you with a club.
You die...

### ..# ### ♣ #.#
#.. ≈. #.# #.#
...# #.# #.#
KK..P###@#####.#
§.÷÷...#K##...)#
#...##.#..#
###.##.#..###
#....#....#######
#.#######........
#....#....#######
#######.#..###
##..### ##.## ##


You could see a kobold.

Vanquished Creatures
  A bat (D:1)
  2 kobolds (D:1)
3 creatures vanquished.

Notes
Turn   | Place    | Note
-------+----------+-------------------------------------------
     0 | D:1      | Amnesiac the Deep Elf Artificer began the quest for the Orb.
     0 | D:1      | Reached XP level 1. HP: 11/11 MP: 5/5
   253 | D:1      | Slain by a kobold

Vault maps used:
D:1:      eino_arrival_water_star, lexackson_kobold_supper

Action                   || total
-------------------------++-------
Melee: Short sword       ||    26
Armor: Leather armour    ||    10
Dodge: Dodged            ||    40

Table legend:
 A = Spawn XP
 B = Non-spawn XP
 C = Spawn XP percentage of total XP
 D = Spawn monster count
 E = Non-spawn monster count
 F = Spawn count percentage of total count
 G = Total turns spent on level
                    A         B        C        D         E        F      G
               +---------+---------+-------+---------+---------+-------+---------
         Total |       0 |       6 |   0.0 |       0 |       3 |   0.0 |   253
               +---------+---------+-------+---------+---------+-------+---------
           D:1 |       0 |       6 |   0.0 |       0 |       3 |   0.0 |   253
               +---------+---------+-------+---------+---------+-------+---------
